Map: Galactic Process LE

Players

Azure

  • Race: Zerg Zerg
  • League: Platinum

Nickos - Winner!

  • Race: Terran Terran
  • League: Gold

VOD

Have the link to the VOD?

Description

Time

  • Played on: Sept. 30, 2016, 4:08 a.m.
  • Length: 10:57
Show
View Real Time Build Order
Export as new Build Order

Azure Zerg 

Build Orders: Pool First 

Get SALT Encoding   

  12  0:09  Overlord  
  12  0:14  Drone  
  13  0:17  Drone  
  13  0:21  Extractor  
  13  0:24  Drone  
  15  0:32  Drone  
  16  0:44  Spawning Pool  
  16  0:48  Drone  
  16  0:53  Drone  
  17  1:02  Extractor  
  16  1:05  Drone  
  17  1:17  Drone  
  18  1:38  Drone x2  
  20  1:42  Hatchery  
  19  1:47  Zergling x2  
  20  2:04  Drone  
  21  2:09  Overlord  
  21  2:13  Hatchery  
  20  2:19  Queen, Extractor  
  22  2:24  Overlord  
  22  2:37  Zergling x2  
  23  2:44  Drone  
  24  2:54  Roach Warren  
  24  2:55  Zergling x4  
  25  3:02  Drone  
  26  3:08  Drone, Extractor  
  26  3:21  Drone x2  
  27  3:31  Drone x5  
  27  3:32  Drone  
  33  3:39  Queen x2  
  37  3:44  Drone x2  
  39  3:49  Metabolic Boost  
  39  4:02  Drone x5  
  44  4:04  Drone  
  44  4:06  Drone  
  44  4:08  Drone  
  47  4:13  Overlord  
  47  4:24  Queen  
  47  4:25  Overlord  
  49  4:44  Roach x4  
  49  4:45  Roach  
  59  4:46  Drone x3  
  59  4:47  Drone  
  59  4:52  Queen  
  65  4:54  Overlord  
  65  5:11  Ravager  
  65  5:13  Drone x6  
  65  5:14  Drone x2  
  74  5:24  Spore Crawler  
  73  5:33  Drone  
  73  5:34  Overlord x2  
  73  5:35  Overlord  
  74  5:39  Spore Crawler  
  72  5:49  Spore Crawler  
  71  5:51  Spore Crawler, Drone x2  
  71  5:52  Drone  
  71  5:56  Extractor  
  72  6:13  Roach x3  
  72  6:14  Roach x6  
  72  6:15  Drone x2  
  72  6:16  Drone x3  
  72  6:17  Lair  
  95  6:22  Drone x2  
  95  6:23  Overlord x3  
  97  6:48  Evolution Chamber  
  97  6:51  Evolution Chamber  
  97  6:53  Roach x2  
  97  6:54  Roach x4  
  105  6:55  Zergling x8  
  105  6:56  Zergling x6  
  114  7:06  Roach x3  
  120  7:09  Drone  
  120  7:14  Extractor  
  120  7:19  Extractor  
  119  7:24  Extractor  
  119  7:28  Spire  
  119  7:29  Zerg Missile Weapons Level 1  
  117  7:30  Zerg Melee Weapons Level 1  
  117  7:38  Queen  
  117  7:39  Queen, Evolution Chamber  
  117  7:41  Drone  
  117  7:42  Overlord x3  
  121  7:56  Hatchery  
  120  7:59  Queen  
  120  8:00  Drone x2  
  120  8:01  Drone x5  
  130  8:05  Drone  
  130  8:06  Drone x5  
  130  8:12  Zerg Ground Armor Level 1  
  135  8:15  Ravager x5  
  135  8:16  Ravager x2  
  142  8:20  Roach  
  142  8:21  Zergling x2  
  145  8:28  Pneumatized Carapace  
  103  8:47  Roach x4  
  103  8:48  Roach x6  
  105  8:49  Roach x5  
  105  8:50  Zergling x2  
  101  9:00  Zergling x4  
  101  9:01  Zergling x10  
  80  9:13  Zergling x8  
  73  9:30  Mutalisk  
  73  9:31  Mutalisk x4  
  63  9:49  Roach x2  
  63  9:50  Roach  
  39  9:58  Mutalisk  
  22  10:10  Drone  
  22  10:11  Drone x3  
  22  10:37  Drone x5  
Show
View Real Time Build Order
Export as new Build Order

Nickos Terran - Winner!

Build Orders: MMM Bio 

Get SALT Encoding   

  12  0:00  SCV  
  13  0:13  SCV  
  14  0:18  Supply Depot  
  14  0:25  SCV  
  15  0:39  SCV  
  15  0:40  Barracks  
  16  0:51  SCV  
  17  1:03  SCV  
  18  1:19  Command Center, SCV  
  19  1:32  Supply Depot  
  20  1:34  Marine  
  20  1:41  Orbital Command  
  20  1:52  Marine  
  21  1:56  Barracks  
  21  2:12  SCV  
  21  2:16  Marine  
  21  2:19  Barracks  
  21  2:22  Refinery  
  22  2:25  Refinery  
  22  2:30  SCV  
  23  2:37  Orbital Command  
  23  2:39  Marine  
  24  2:44  SCV  
  25  2:52  Marine  
  25  2:56  SCV  
  25  2:57  Marine  
  28  3:03  SCV  
  29  3:09  Marine  
  29  3:10  SCV  
  31  3:15  Barracks Tech Lab, SCV  
  32  3:23  SCV  
  32  3:27  SCV  
  32  3:31  Barracks Reactor  
  32  3:32  Barracks Reactor, Factory  
  33  3:35  SCV  
  33  3:38  Bunker  
  33  3:39  SCV  
  33  3:40  Marine  
  36  3:48  SCV  
  37  3:50  Supply Depot  
  37  3:51  SCV  
  37  3:52  Stimpack  
  38  3:58  Marauder  
  38  4:00  SCV  
  41  4:03  SCV  
  42  4:12  SCV  
  42  4:13  Marine  
  42  4:14  Supply Depot, Marine x3  
  42  4:15  SCV  
  48  4:20  Factory Reactor  
  49  4:24  SCV  
  49  4:27  SCV  
  49  4:28  Starport  
  50  4:31  Marine  
  50  4:36  SCV  
  52  4:38  Supply Depot  
  52  4:40  SCV  
  52  4:43  Supply Depot  
  52  4:44  Marine  
  52  4:45  Marine  
  55  4:47  Marine  
  55  4:48  SCV  
  55  4:49  Marine  
  55  4:51  Marine  
  55  4:52  SCV  
  60  5:00  SCV  
  60  5:02  Marine  
  60  5:03  Supply Depot  
  60  5:04  SCV  
  63  5:08  Engineering Bay  
  63  5:09  Engineering Bay  
  63  5:10  Widow Mine  
  63  5:11  Marine x2  
  63  5:13  SCV  
  68  5:14  Marine  
  68  5:16  Marine, SCV  
  68  5:21  Supply Depot  
  71  5:25  SCV  
  71  5:28  SCV, Marine  
  74  5:31  Medivac  
  74  5:32  Medivac  
  77  5:37  SCV  
  77  5:40  Marine x4  
  77  5:42  Terran Infantry Weapons Level 1  
  82  5:49  SCV x2  
  84  5:54  Refinery  
  84  5:56  Marine  
  85  5:57  Marine  
  85  5:58  Marine x2  
  85  6:01  Medivac, SCV  
  85  6:02  Terran Infantry Armor Level 1  
  91  6:14  Marauder  
  91  6:15  Marine  
  91  6:17  Supply Depot  
  94  6:19  Supply Depot  
  94  6:21  Marine x2  
  96  6:31  Marine  
  97  6:32  Marine  
  97  6:35  SCV x2  
  97  6:37  Command Center  
  100  6:41  Marine  
  101  6:47  Armory, SCV x2  
  101  6:49  Liberator  
  103  6:55  Marine  
  103  6:59  SCV x2  
  106  7:01  Marine x2  
  106  7:02  Marine x2  
  113  7:09  Supply Depot  
  113  7:13  Marine  
  113  7:14  Supply Depot  
  113  7:15  SCV  
  115  7:19  Marine  
  115  7:20  SCV  
  115  7:21  Marine x2  
  119  7:25  Marauder  
  119  7:27  SCV  
  122  7:33  SCV  
  122  7:34  Supply Depot  
  123  7:38  Marine x2  
  123  7:39  Marine  
  123  7:42  Marine  
  123  7:43  SCV  
  128  7:46  Marauder, SCV  
  128  7:47  Terran Infantry Weapons Level 2  
  128  7:51  Supply Depot x2  
  131  7:56  Terran Infantry Armor Level 2  
  131  8:01  Medivac  
  133  8:07  Marine x2  
  133  8:08  Marine x3  
  133  8:10  SCV x2  
  140  8:14  Orbital Command  
  140  8:18  Medivac  
  140  8:38  Marine x2  
  140  8:39  Marine x3  
  140  8:41  SCV x3  
  127  8:43  Combat Shields  
  124  8:53  SCV  
  120  8:56  Marine x2  
  120  8:57  Marine x3  
  125  9:04  Medivac  
  127  9:12  Liberator  
  127  9:14  Marine x4  
  127  9:15  Marine  
  129  9:32  Marine x4  
  120  9:45  Marine  
  120  9:49  Marine  
  120  9:50  Marine x3  
  120  9:51  Medivac  
  113  10:02  Barracks x2  
  113  10:03  Barracks, Marine  
  113  10:04  Barracks, SCV x3  
  110  10:07  Marine x2  
  110  10:08  Marine x2  
  110  10:12  Medivac  
  114  10:16  Refinery  
  114  10:21  Marine  
  110  10:25  Marine x2  
  110  10:26  Marine  
  117  10:29  SCV x3  
Tags
 
Add a new tag
Caveats
  • Supply blocks, unpowered buildings, or Contaminate may cause inaccurate times.
  • Supply counts are checked every 10 seconds.